 Dungeon Crawl Stone Soup version 0.29.1-2-gbd0b4ee654 (webtiles) character file.

Game seed: 14313480179358269704

91 zeram the Caller (level 4, -4/39 HPs)
             Began as a Troll Summoner on Nov 16, 2022.
             Slain by Natasha (7 damage)
             ... on level 2 of the Dungeon.
             The game lasted 00:02:53 (1606 turns).

zeram the Caller (Troll Summoner)                   Turns: 1606, Time: 00:02:54

Health: -4/39      AC:  4    Str: 14    XL:     4   Next: 34%
Magic:  5/5        EV: 10    Int: 19    God:
Gold:   145        SH:  5    Dex: 10    Spells: 2/5 levels left

rFire   . . .      SeeInvis .   d - +0 whip
rCold   . . .      Faith    .   (no shield)
rNeg    . . .      Spirit   .   a - +0 robe
rPois   .          Reflect  +   (helmet restricted)
rElec   .          Harm     .   (no cloak)
rCorr   .          Rampage  .   (gloves unavailable)
Will    .....                   (boots unavailable)
Stlth   +.........              i - amulet "Piomalaa" {Reflect +Blink Str-2 Int+6 SH+5}
HPRegen 0.93/turn               (no ring)
MPRegen 0.09/turn               (no ring)

@: slowed, very slow
A: large, unfitting armour, claws 3, regeneration 1, shaggy fur 1, tough skin 1
a: Evoke Blink


You were on level 2 of the Dungeon.
You visited 1 branch of the dungeon, and saw 3 of its levels.

You collected 145 gold pieces.

Inventory:

Hand Weapons
 d - a +0 whip (weapon)
Armour
 a - a +0 robe (worn)
Jewellery
 f - a +6 ring of strength
 i - the amulet "Piomalaa" (around neck) {Reflect +Blink Str-2 Int+6 SH+5}
   (You found it on level 2 of the Dungeon)

   [amulet of reflection]

   It reflects blocked missile attacks.
   Str:       It affects your strength (-2).
   Int:       It affects your intelligence (+6).
   +Blink:    It lets you blink.
   SH:        It affects your SH (+5).
Scrolls
 e - 2 scrolls of enchant weapon
 g - a scroll of amnesia
 h - a scroll of summoning
 j - a scroll of enchant armour
 l - a scroll of torment {unknown}
 n - a scroll of poison {unknown}
 o - a scroll of magic mapping {unknown}
Potions
 b - 4 potions of magic
 c - a potion of mutation {unknown}
 m - a potion of flight {unknown}


   Skills:
 + Level 1.4 Maces & Flails
 + Level 2.0 Dodging
 + Level 1.2 Stealth
 + Level 1.3 Spellcasting
 + Level 3.7 Summonings


You had 2 spell levels left.
You knew the following spells:

 Your Spells              Type           Power      Damage    Failure   Level
a - Summon Small Mammal   Summ           60%        N/A       3%          1
b - Call Imp              Summ           15%        N/A       6%          2

Your spell library contained the following spells:

 Spells                   Type           Power      Damage    Failure   Level
 Necrotise                Necr           4%         1d4       19%         1
 Call Canine Familiar     Summ           15%        N/A       12%         3
 Summon Guardian Golem    Hex/Summ       8%         N/A       26%         3
 Portal Projectile        Hex/Tloc       2%         N/A       47%         3
 Tukima's Dance           Hex            1%         N/A       47%         3
 Vampiric Draining        Necr           1%         2d6       47%         3
 Summon Lightning Spire   Summ/Air       8%         N/A       63%         4
 Agony                    Necr           1%         N/A       99%         5
 Blade Hands              Tmut           0%         N/A       99%         5


Dungeon Overview and Level Annotations

Branches:
Dungeon (3/15)

Altars:
Zin

Annotations:
D:2 Natasha
D:3 Robin


Innate Abilities, Weirdness & Mutations

You are too large for most types of armour.
You have claws for hands.
Your natural rate of healing is unusually fast.
You are covered in fur. (AC +1)
You have tough skin. (AC +1)


Message History

Natasha wildly gestures.
You feel disoriented. Natasha casts a spell at you. The magic dart hits you!
Something hits you but does no damage. Something hits you. Something hits you.
Natasha casts a spell at you.
You feel yourself slow down.
There is a stone staircase leading up, spattered with blood here.
Something hits you but does no damage.
Natasha stares at you and mumbles some strange words.
You resist with some effort. The orc hits you with a +0 dagger.
Something hits you but does no damage.
You climb upwards.
Reactivating autopickup.
There is a stone staircase leading down here.
You closely miss Natasha. Natasha casts a spell at you.
You resist with some effort. Something hits you.
Deactivating autopickup; reactivate with Ctrl-A.
Natasha claws you.
You barely miss Natasha. Something hits you. Natasha casts a spell at you.
The magic dart hits you.
You hear some strange, mumbled words.
You are confused.
You're too confused to move!
Natasha barely misses you. Something hits you. Natasha closely misses you.
You bump into the rock wall.
Something hits you but does no damage. Natasha claws you.
Something hits you but does no damage.
You closely miss Natasha. Natasha barely misses you.
Something hits you but does no damage. Natasha claws you.
You barely miss Natasha.
You feel less confused. Something hits you. Natasha claws you!
* * * LOW HITPOINT WARNING * * *
Something hits you.
* * * LOW HITPOINT WARNING * * *
Natasha claws you!
You die...

#.# #.##...###.#........#.#
#.#####.##...###.#.########.#
..##..<......#.....# #.#
.....##............# #.#####
#######............# #......
#...........[# #######
####...#.....# #...###{#####
#...# #@###.## ###<# #h.....#
#.# #####.## #.# #.# #.# #.#
#.# #.####### #.# #.......#
#.# #..####.# #.#######..#
#.######


You could see Natasha.

Vanquished Creatures
  Natasha (twice) (D:3)
  2 adders
  4 ball pythons
  An endoplasm (D:1)
  A giant cockroach (D:1)
  4 goblins (D:3)
  2 hobgoblins (D:1)
  3 quokkas
  3 frilled lizards
  2 kobolds
24 creatures vanquished.

Notes
Turn   | Place    | Note
-------+----------+-------------------------------------------
     0 | D:1      | zeram the Troll Summoner began the quest for the Orb.
     0 | D:1      | Reached XP level 1. HP: 16/16 MP: 1/1
    64 | D:1      | Reached skill level 3 in Summonings
   226 | D:1      | Found a faded altar of an unknown god.
   364 | D:1      | Reached XP level 2. HP: 24/24 MP: 2/2
   746 | D:2      | Identified the amulet "Piomalaa" {Reflect +Blink Str-2
                  | Int+6 SH+5}
   919 | D:2      | HP: 1/24 [adder (3)]
   932 | D:2      | Learned a level 2 spell: Call Imp
  1248 | D:3      | Noticed Natasha
  1293 | D:3      | Noticed a crimson imp
  1293 | D:3      | Killed Natasha
  1294 | D:3      | Reached XP level 3. HP: 21/31 MP: 3/3
  1344 | D:3      | Noticed Natasha
  1366 | D:3      | Killed Natasha
  1367 | D:3      | Reached skill level 1 in Maces & Flails
  1367 | D:3      | Reached XP level 4. HP: 17/39 MP: 4/4
  1393 | D:3      | Found a glowing silver altar of Zin.
  1536 | D:3      | Noticed Robin
  1596 | D:3      | Noticed Natasha
  1606 | D:2      | Slain by Natasha

Illustrated notes

Levels and vault maps discovered:
D:1:      evilmike_arrival_hilbert_curve, layout_basic,
          chequers_ecumenical_altar_simple_redux, minmay_shallow_snake_nest
D:2:      layout_loops_ring
D:3:      layout_rooms, nicolae_overflow_crystal_walls, uniq_robin,
          uniq_crazy_yiuf_cottage, uniq_natasha

Skill      XL: |  1  2  3 |
---------------+----------+-----
Summonings     | 3 |  3.7
Maces & Flails | 1 |  1.4
Dodging        | 2 |  2.0
Stealth        | |  1.2
Spellcasting   | |  1.3

Action                   |  1- 3 |  4- 6 || total
-------------------------+-------+-------++-------
Melee: Whip              |    68 |    49 ||   117
       Unarmed           |     7 |       ||     7
       Punch             |       |     1 ||     1
  Use: Scroll            |     5 |       ||     5
       Potion            |     1 |     1 ||     2
Armor: Robe              |    27 |    20 ||    47
Dodge: Dodged            |    35 |    29 ||    64
Block: Other             |       |     1 ||     1
